 Dungeon Crawl Stone Soup version 0.14.1-26-g5a19342 (webtiles) character file.

141157 Kae the Impaler (level 17, -2/165 HPs)
             Began as a Naga Fighter on July 25, 2014.
             Was the Champion of Cheibriados.
             Shot with a bolt by a naga sharpshooter (18 damage)
             ... led by Vashnia
             ... on Level 3 of the Snake Pit.
             The game lasted 01:19:37 (39597 turns).

Kae the Impaler (Naga Fighter)                     Turns: 39597, Time: 01:19:37

HP  -2/165       AC 23     Str 39      XL: 17   Next: 29%
MP  27/33        EV 12     Int 27      God: Cheibriados [******]
Gold 1492        SH 35     Dex 33      Spells:  1 memorised, 13 levels left

rFire  . . .     SeeInvis +     a - +4,+5 trident (freeze)
rCold  + . .     Clarity  .     B - +6 scale mail of the Nine Orbs {Dex+4 Int+3}
rNeg   . . .     Conserve .     O - +3 shield {reflect}
rPois  +         rCorr    .     (helmet restricted)
rElec  +         rRot     .     n - +0 cloak of Starlight {rElec rC+ EV+4 Stlth-}
SustAb . .       Spirit   .     E - +0 pair of gloves
rMut   .         Warding  .     (no barding)
Gourm  +         Stasis   .     u - amulet of the gourmand
MR     ++...                    e - +2 ring of dexterity
                                v - +4 ring of protection

@: very slow, very resistant to hostile enchantments, very unstealthy
A: spit poison, constrict 1, horns 1, camouflage 1, see invisible, deformed
body, poison resistance, slowness 2, AC +5
a: Spit Poison, Bend Time, Temporal Distortion, Slouch, Step From Time, Renounce
Religion


You were on level 3 of the Snake Pit.
You worshipped Cheibriados.
Cheibriados was exalted by your worship.
You were very full.

You visited 5 branches of the dungeon, and saw 31 of its levels.
You also visited: Labyrinth.

You collected 2779 gold pieces.
You spent 1287 gold pieces at shops.

Inventory:

Hand weapons
 a - a +4,+5 trident of freezing (weapon)
 b - a +2,+3 spear of freezing
 q - a +4,+4 trident
Armour
 n - the +0 cloak of Starlight (worn) {rElec rC+ EV+4 Stlth-}
   (You bought it in a shop on level 4 of the Orcish Mines)

   It affects your evasion (+4).
   It protects you from cold.
   It insulates you from electricity.
   It makes you much less stealthy.
 B - the +6 scale mail of the Nine Orbs (worn) {Dex+4 Int+3}
   (You found it on level 5 of the Dungeon)

   It affects your intelligence (+3).
   It affects your dexterity (+4).
 E - a +0 pair of gloves (worn)
 O - a +3 shield of reflection (worn)
Magical devices
 x - a wand of fire (1)
 C - a wand of heal wounds (9)
 Q - a wand of heal wounds (5)
 Z - a wand of slowing (8)
Comestibles
 j - 3 bread rations
 p - a meat ration
 s - a pear
Scrolls
 f - a scroll of holy word
 h - 2 scrolls of identify
 k - a scroll of fear
 r - a scroll of acquirement
 H - 3 scrolls of remove curse
 J - 4 scrolls of fog
 W - 3 scrolls of teleportation
Jewellery
 e - a +2 ring of dexterity (right hand)
 u - an amulet of the gourmand (around neck)
 v - a +4 ring of protection (left hand)
 N - an uncursed ring of positive energy
Potions
 d - a potion of strong poison {unknown}
 g - a potion of might
 l - a potion of beneficial mutation {unknown}
 m - 6 potions of restore abilities
 o - 21 potions of curing
 A - 2 potions of resistance
 M - 2 potions of porridge
 S - a potion of heal wounds
Books
 c - a book of Maledictions

   Spells                             Type                      Level
   Corona                             Hexes                        1
   Sure Blade                         Hexes/Charms                 2
   Ensorcelled Hibernation            Hexes/Ice                    2
   Confuse                            Hexes                        3
   Enslavement                        Hexes                        4
   Invisibility                       Hexes                        6
 i - a book of Burglary

   Spells                             Type                      Level
   Apportation                        Translocation                1
   Swiftness                          Charms/Air                   2
   Passwall                           Transmutation/Earth          3
   Passage of Golubria                Translocation                4
   Lee's Rapid Deconstruction         Earth                        5
   Darkness                           Hexes                        7


   Skills:
 + Level 13.8 Fighting
 + Level 18.6 Polearms
 + Level 7.7 Armour
 - Level 10.0 Shields
 - Level 14.3 Invocations


You had 13 spell levels left.
You knew the following spells:

 Your Spells              Type           Power        Failure   Level  Hunger
a - Flight                Chrm/Air       #.........   38%         3    ####...


Dungeon Overview and Level Annotations

Branches:
Dungeon (15/15)            Temple (1/1) D:7             Orc (4/4) D:11
    Elf (0/3) Orc:3          Lair (8/8) D:8          Shoals (0/5) Lair:6
  Snake (3/5) Lair:5        Slime (0/6) Lair:7       Vaults (0/5) D:14
 Depths (0/5) D:15

Altars:
Ashenzari
Cheibriados
Dithmenos
Elyvilon
Fedhas
Makhleb
Nemelex Xobeh
Okawaru
Sif Muna
Trog
Vehumet
Xom
Zin
Beogh
Jiyva

Shops:
D:4 *   D:7 ?   D:9 ([=   Orc:1 !   Orc:3 *   Orc:4 (:[%!


Innate Abilities, Weirdness & Mutations

You cannot wear boots.
You can spit poison.
You can use your snake-like lower body to constrict enemies.
Your serpentine skin is tough (AC +5).
You have supernaturally acute eyesight.
Armour fits poorly on your strangely shaped body.
Your system is resistant to poisons.
You cover ground very slowly.
You have a pair of small horns on your head.
Your skin changes colour to match your surroundings (Stlth).


Message History

You impale the naga sharpshooter!! You freeze the naga sharpshooter.
You kill the naga sharpshooter!
Cheibriados thoroughly appreciates the change of pace.
The naga sharpshooter casts a spell.
Magically, the naga sharpshooter shoots a bolt.
The bolt hits you!
* * * LOW HITPOINT WARNING * * *
Things that are here:
an uncursed battleaxe; a robe; 12 bolts The naga sharpshooter drops an uncursed battleaxe.
The naga sharpshooter picks up an uncursed runed halberd.
The naga sharpshooter shoots a bolt.
The bolt hits you!
* * * LOW HITPOINT WARNING * * *
Things that are here:
an uncursed battleaxe; a robe; 12 bolts The naga sharpshooter mumbles some strange words.
Magically, the naga sharpshooter shoots a bolt.
Your +3 shield of reflection reflects the bolt!
The naga sharpshooter shoots a bolt.
The bolt hits you!
You die...

#'###### ##.....#<# ##.#
#......###......#.# ##...
#.####.##....(..#.####....
#.# #.#........#....+....
#.# #.#........+....#....
#.# #(#........###.##....
#.# #.(....)...# .##....
#'# ###(.).....# .##....
... ##@####'## #####% .
#N# .. ...####. #.( .#
#...... ..(. # #.####.
#.#.. #. #.#### #. #.# #.
#(# #. ... ..


You could see a naga sharpshooter.

Vanquished Creatures
  Vashnia (Snake:3)
  Rupert (Lair:5)
  A greater naga (Snake:3)
  An orc warlord (Orc:4)
  Aizul (Snake:1)
  Louise (D:14)
  The ghost of lisu the Blocker, a powerful MiFi of Makhleb (D:14)
  2 stone giants (Orc:4)
  6 dire elephants (Lair:8)
  4 vault guards (D:14)
  An ettin (D:15)
  The ghost of Kae the Slingshot, a powerful HaHu of Okawaru (Lair:6)
  Josephine (D:14)
  A minotaur (Lab)
  A ravenous item mimic (Snake:2)
  9 hydras
  4 naga warriors
  Nessos (D:12)
  7 anacondas
  4 death yaks
  2 ogre magi
  3 naga sharpshooters
  5 tengu warriors
  4 shock serpents
  An orc high priest (Orc:4)
  Urug (D:12)
  A soul eater (D:12)
  A catoblepas (Lair:8)
  A sun demon (Orc:4)
  3 centaur warriors
  A deep troll (D:15)
  2 unseen horrors
  Erolcha (D:12)
  2 naga ritualists
  6 hill giants
  A wolf spider (Lair:6)
  7 cyclopes
  2 orc knights
  4 orc sorcerers (Orc:4)
  A wolf spider zombie (D:14)
  A spectral fire dragon (D:13)
  3 mana vipers
  2 salamanders (Snake:3)
  2 griffons (Lair:8)
  4 naga magi
  13 elephants
  Maurice (D:8)
  A guardian serpent (Snake:3)
  A molten gargoyle (Lair:8)
  20 black mambas
  A mermaid (Lair:6)
  8 gargoyles
  11 spiny frogs
  A smoke demon (Orc:4)
  Psyche (D:11)
  5 fire drakes
  An efreet (D:14)
  A redback zombie (D:14)
  2 kobold demonologists
  2 centaur zombies
  7 komodo dragons
  9 trolls
  A merfolk (Lair:6)
  14 blink frogs
  A wandering mushroom (Lab)
  Sonja (Orc:3)
  5 ravens
  6 slime creatures
  2 boulder beetles
  A freezing wraith (D:15)
  4 two-headed ogres
  A fire vortex (Lair:8)
  A hydra skeleton (D:13)
  6 basilisks
  2 trapdoor spiders
  51 yaks
  2 wyverns
  4 shadows (D:15)
  3 fire elementals
  2 elephant slugs (Lair:4)
  A formicid (shapeshifter) (D:13)
  2 fire bats (Lair:4)
  4 hungry ghosts
  2 hill giant zombies
  9 ugly things
  A hill giant skeleton (D:14)
  Grum (D:12)
  3 deep elf magi
  2 mottled dragons
  2 necrophages
  12 wolves
  A soldier ant (D:9)
  A warg (Orc:1)
  3 sharks
  10 vampire mosquitoes
  17 hippogriffs
  A tengu zombie (D:13)
  17 nagas
  8 porcupines
  3 yellow wasps
  5 ice beasts
  An ogre skeleton (D:14)
  A spider (D:9)
  2 phantoms
  22 water moccasins
  4 sky beasts
  6 black bears
  11 ogres
  19 orc warriors
  5 centaurs
  7 giant goldfish
  A yaktaur zombie (D:13)
  A lava worm (D:9)
  4 big kobolds
  10 giant slugs
  13 crocodiles
  20 giant frogs
  A komodo dragon skeleton (D:14)
  A yaktaur skeleton (D:12)
  An earth elemental (Lab)
  A gnoll sergeant (D:5)
  A cyclops skeleton (D:13)
  2 eyes of draining
  A wyvern skeleton (D:14)
  A manticore simulacrum (D:14)
  3 scorpions
  A troll zombie (D:14)
  2 yak zombies (D:12)
  A hippogriff skeleton (D:11)
  18 wights
  A wolf zombie (D:12)
  A troll skeleton (D:12)
  10 crimson imps
  An electric eel (Lair:5)
  3 goliath beetles
  38 orc priests
  7 jellies
  42 orc wizards
  2 elf zombies
  2 basilisk zombies
  A giant frog skeleton (D:13)
  14 worker ants
  14 hounds
  2 quasits
  A two-headed ogre skeleton (D:7)
  5 big fish
  8 iguanas
  A basilisk skeleton (D:9)
  A troll simulacrum (D:14)
  12 sheep
  10 gnolls
  A gnoll zombie (D:5)
  54 green rats
  6 shadow imps
  25 adders
  3 giant mites
  An inept feature mimic (D:4)
  9 worms
  2 giant eyeballs
  11 giant geckos
  2 oozes (D:2)
  187 orcs
  6 ball pythons
  2 bat skeletons
  A bat zombie (D:5)
  6 giant cockroaches
  20 goblins
  19 hobgoblins
  25 jackals
  15 quokkas
  17 bats
  5 giant newts
  A giant newt skeleton (D:5)
  2 giant spores (D:10)
  A goblin zombie (Orc:4)
  A hobgoblin skeleton (D:9)
  A jackal skeleton (D:7)
  29 kobolds
  A kobold skeleton (D:6)
  4 orc skeletons
  10 orc zombies
  20 rats
  A rat skeleton (D:6)
  A rat zombie (D:5)
  7 ballistomycetes
  2 plants (Lair:8)
1242 creatures vanquished.

Vanquished Creatures (others)
  A centaur (D:14)
  A yaktaur skeleton (D:14)
  An orc (D:10)
  2 giant spores
  15 fungi
  19 plants (Lair:8)
39 creatures vanquished.

Grand Total: 1281 creatures vanquished

Notes
Turn   | Place    | Note
--------------------------------------------------------------
     0 | D:1      | Kae, the Naga Fighter, began the quest for the Orb.
     0 | D:1      | Reached XP level 1. HP: 21/21 MP: 1/1
   213 | D:1      | Reached XP level 2. HP: 28/28 MP: 2/2
  1038 | D:2      | Reached XP level 3. HP: 31/34 MP: 3/3
  1743 | D:2      | Reached skill level 4 in Polearms
  1863 | D:2      | Reached XP level 4. HP: 28/42 MP: 4/4
  2534 | D:3      | Reached skill level 5 in Polearms
  2646 | D:3      | Reached XP level 5. HP: 49/49 MP: 5/5
  3357 | D:3      | Reached skill level 6 in Polearms
  3406 | D:3      | Reached XP level 6. HP: 46/56 MP: 6/6
  3584 | D:4      | Found Bloidghunn's Assorted Antiques.
  3605 | D:4      | Bought a scroll labeled NIMPET ENELEI for 27 gold pieces
  3646 | D:4      | Found a shattered altar of Ashenzari.
  4006 | D:4      | Found a shadowy altar of Dithmenos.
  4244 | D:4      | Reached skill level 7 in Polearms
  4449 | D:5      | Entered Level 5 of the Dungeon
  4654 | D:5      | Reached XP level 7. HP: 59/62 MP: 7/7
  4658 | D:5      | Got a crude scale mail
  4672 | D:5      | Identified the cursed +6 scale mail of the Nine Orbs {Dex+4 Int+3} (You found it on level 5 of the Dungeon)
  4720 | D:5      | Reached skill level 8 in Polearms
  4952 | D:5      | Found a shimmering altar of Xom.
  4969 | D:5      | Found a deep blue altar of Sif Muna.
  4971 | D:5      | Found a burning altar of Makhleb.
  4971 | D:5      | Found a glowing silver altar of Zin.
  4973 | D:5      | Found an iron altar of Okawaru.
  4973 | D:5      | Found a white marble altar of Elyvilon.
  5450 | D:5      | Reached skill level 9 in Polearms
  5450 | D:5      | Reached XP level 8. HP: 62/69 MP: 8/8
  5759 | D:6      | Reached skill level 10 in Polearms
  6539 | D:7      | Reached skill level 11 in Polearms
  6559 | D:7      | Reached XP level 9. HP: 56/75 MP: 9/9
  6904 | D:7      | Found a staircase to the Ecumenical Temple.
  6942 | D:7      | Found a sparkling altar of Nemelex Xobeh.
  7358 | D:7      | Found Ghoywn's Magic Scroll Boutique.
  7522 | Temple   | Entered the Ecumenical Temple
  7544 | Temple   | Became a worshipper of Cheibriados the Contemplative
  7581 | D:7      | Reached skill level 12 in Polearms
  8120 | D:8      | Reached skill level 13 in Polearms
  8177 | D:8      | Noticed Maurice
  8393 | D:8      | Killed Maurice
  8393 | D:8      | Reached XP level 10. HP: 82/84 MP: 10/10
  8455 | D:8      | Found a staircase to the Lair.
  8605 | D:8      | Reached skill level 14 in Polearms
  8855 | D:8      | Paralysed by a giant eyeball for 3 turns
  9022 | D:9      | Found Yjahu's Armour Shop.
  9029 | D:9      | Bought a +2 shield of reflection for 185 gold pieces
  9221 | D:9      | Found Cutrach's Jewellery Shoppe.
  9224 | D:9      | Bought a cursed ring of hunger for 30 gold pieces
  9224 | D:9      | Bought a cursed -3 ring of dexterity for 30 gold pieces
  9259 | D:9      | Found Meuxaum's Weapon Emporium.
  9628 | Lair:1   | Entered Level 1 of the Lair of Beasts
  9634 | Lair:1   | Acquired Cheibriados' first power
 10528 | Lair:2   | Acquired Cheibriados' second power
 10534 | Lair:2   | Reached skill level 5 in Fighting
 10534 | Lair:2   | Reached XP level 11. HP: 81/94 MP: 11/11
 10561 | Lair:2   | Identified a scroll of acquirement
 10941 | Lair:2   | Reached skill level 5 in Shields
 11449 | Lair:2   | Reached skill level 15 in Polearms
 11453 | Lair:2   | Acquired Cheibriados' third power
 11808 | Lair:3   | Noticed an eight-headed hydra
 11819 | Lair:3   | Killed an eight-headed hydra
 13107 | Lair:3   | Reached XP level 12. HP: 109/109 MP: 12/12
 13801 | Lair:2   | Gained mutation: Your skin changes colour to match your surroundings (Stlth). [potion of mutation]
 13801 | Lair:2   | Gained mutation: You have a pair of small horns on your head. [potion of mutation]
 13954 | Lair:4   | Noticed a four-headed hydra
 13961 | Lair:4   | Killed a four-headed hydra
 15068 | Lair:4   | Reached skill level 1 in Invocations
 15208 | Lair:5   | Found a staircase to the Snake Pit.
 15770 | Lair:5   | Noticed Rupert
 15799 | Lair:5   | Killed Rupert
 15799 | Lair:5   | Reached skill level 16 in Polearms
 16125 | Lair:5   | Noticed a seven-headed hydra
 16130 | Lair:5   | Killed a seven-headed hydra
 16496 | Lair:5   | Reached XP level 13. HP: 115/121 MP: 20/20
 16777 | Lair:6   | Reached skill level 5 in Invocations
 17149 | Lair:6   | Noticed Kae's ghost (powerful HaHu)
 17173 | Lair:6   | Killed Kae's ghost
 17246 | Lair:6   | Found a staircase to the Shoals.
 17925 | Lair:6   | Reached skill level 10 in Fighting
 18668 | Lair:7   | Found a viscous altar of Jiyva.
 18670 | Lair:7   | Found a staircase to the Slime Pits.
 19412 | Lair:7   | Reached XP level 14. HP: 133/133 MP: 26/26
 19531 | Lair:8   | Entered Level 8 of the Lair of Beasts
 21071 | Lair:8   | Reached skill level 10 in Invocations
 22992 | D:10     | Entered Level 10 of the Dungeon
 23556 | D:11     | Reached skill level 17 in Polearms
 24065 | D:11     | Found a staircase to the Orcish Mines.
 24160 | D:11     | Noticed Psyche
 24164 | D:11     | Killed Psyche
 24230 | Orc:1    | Entered Level 1 of the Orcish Mines
 24439 | Orc:2    | Found a roughly hewn altar of Beogh.
 24858 | Orc:2    | Found a bloodstained altar of Trog.
 24933 | Orc:1    | Reached skill level 10 in Shields
 25049 | Orc:1    | Found Kamoiwal's Distillery.
 25337 | Orc:3    | Reached XP level 15. HP: 126/142 MP: 29/29
 25530 | Orc:3    | Found Jupocuw's Assorted Antiques.
 25771 | Orc:3    | Found a staircase to the Elven Halls.
 25828 | Orc:3    | Noticed Sonja
 25838 | Orc:3    | Killed Sonja
 25936 | Orc:4    | Entered Level 4 of the Orcish Mines
 25960 | Orc:4    | Found an iron altar of Okawaru.
 26103 | Orc:4    | Found Phiac's Distillery.
 26849 | Orc:4    | HP: 3/142 [stone giant (33)]
 27460 | Orc:4    | Found Mnetwile's Food Boutique.
 27460 | Orc:4    | Found Egasufust's Book Shop.
 27468 | Orc:4    | Found Maf Anor's Antique Weapon Shop.
 27690 | Orc:4    | Found Croiwn's Antique Armour Boutique.
 27723 | Orc:4    | Bought the +0 cloak of Starlight {rElec rC+ EV+4 Stlth-} for 1015 gold pieces
 27748 | Orc:4    | Paralysed by an orc sorcerer for 3 turns
 27895 | Orc:4    | HP: 5/144 [orc priest/divine providence (14)]
 28646 | D:12     | Noticed Urug
 28646 | D:12     | Noticed Erolcha
 28648 | D:12     | Killed Erolcha
 28648 | D:12     | Killed Urug
 28735 | D:12     | Found a deep blue altar of Sif Muna.
 28796 | D:12     | Noticed Nessos
 28804 | D:12     | Killed Nessos
 29382 | D:12     | Noticed Grum
 29394 | D:12     | Killed Grum
 31269 | D:14     | Noticed lisu's ghost (powerful MiFi)
 31289 | D:14     | Killed lisu's ghost
 31314 | D:14     | Noticed Louise
 31329 | D:14     | Killed Louise
 31334 | D:14     | Got a crude large shield
 31348 | D:14     | Identified the +0 large shield of Magic {MR+} (You took it off Louise on level 14 of the Dungeon)
 31499 | D:14     | Reached skill level 5 in Armour
 31544 | D:14     | Reached XP level 16. HP: 153/153 MP: 31/31
 31609 | D:14     | Found a gate to the Vaults.
 31757 | D:14     | Noticed Josephine
 31764 | D:14     | Killed Josephine
 32454 | D:15     | Entered Level 15 of the Dungeon
 32499 | D:15     | Found a labyrinth entrance.
 32510 | D:15     | Found a staircase to the Depths.
 32527 | Lab      | Entered a labyrinth
 35597 | Lab      | Got a steaming diamond amulet
 35597 | Lab      | Got a fine turquoise ring
 35605 | Lab      | Identified the amulet "Qagin" {Clar -Tele rF+} (You found it in a labyrinth)
 35606 | Lab      | Identified the ring of Rinlui {+/*Tele rElec SInv} (You found it in a labyrinth)
 35624 | Lab      | Got a wavering copper ring
 35629 | Lab      | Learned a level 3 spell: Flight
 36096 | D:15     | Identified the ring of Cowardice {rF+ Dex-1} (You found it in a labyrinth)
 36431 | D:15     | Reached skill level 18 in Polearms
 36879 | Snake:1  | Entered Level 1 of the Snake Pit
 36879 | Snake:1  | Noticed Aizul
 36888 | Snake:1  | Killed Aizul
 38563 | Snake:2  | Reached XP level 17. HP: 114/164 MP: 33/33
 39331 | Snake:3  | Noticed Vashnia
 39590 | Snake:3  | Killed Vashnia
 39597 | Snake:3  | Shot with a bolt by a naga sharpshooter

Action                   |  1- 3 |  4- 6 |  7- 9 | 10-12 | 13-15 | 16-18 || total
-------------------------+-------+-------+-------+-------+-------+-------++-------
Melee: Trident           |   173 |   305 |   436 |   500 |  1651 |   611 ||  3676
       Spear             |       |       |    80 |   520 |    17 |       ||   617
       Unarmed           |       |       |       |       |   111 |       ||   111
Invok: Bend Time         |       |       |       |     6 |       |       ||     6
       Slouch            |       |       |       |       |     4 |     4 ||     8
       Temporal Distorti |       |       |       |       |     1 |       ||     1
 Abil: Spit Poison       |       |       |     2 |     2 |       |       ||     4
Evoke: Wand              |       |       |     2 |     6 |    13 |     6 ||    27
  Use: Scroll            |       |    10 |     8 |    11 |    14 |    12 ||    55
       Potion            |       |       |     3 |     9 |     8 |     1 ||    21
 Stab: Sleeping          |       |       |       |     1 |     5 |       ||     6
       Distracted        |       |       |       |       |     9 |     1 ||    10
       Confused          |       |       |       |       |     2 |       ||     2
